 Dungeon Crawl Stone Soup version 0.28-a0-1395-g4f6bc678fa (webtiles) character file.

Game seed: 2662856960527302779

21 Deminshera the Charlatan (level 2, 0/23 HPs)
             Began as a Demonspawn Wanderer on Jan 4, 2022.
             Slain by an endoplasm (2 damage)
             ... on level 1 of the Dungeon.
             The game lasted 00:01:32 (905 turns).

Deminshera the Charlatan (Demonspawn Wanderer)       Turns: 905, Time: 00:01:32

Health: 0/23       AC:  5    Str: 14    XL:     2   Next: 65%
Magic:  5/5        EV: 10    Int: 14    God:
Gold:   35         SH:  0    Dex:  9    Spells: 5/5 levels left

rFire   . . .      SeeInvis .   a - +0 club
rCold   . . .      Faith    .   (no shield)
rNeg    . . .      Spirit   .   b - +0 ring mail
rPois   .          Reflect  .   (no helmet)
rElec   .          Harm     .   (no cloak)
rCorr   .          Rampage  .   (no gloves)
Will    .....                   (no boots)
Stlth   ..........              (no amulet)
HPRegen 0.07/turn               (no ring)
MPRegen 0.09/turn               (no ring)

@: no status effects
A: demonic magic 1
a: no special abilities


You were on level 1 of the Dungeon.
You visited 1 branch of the dungeon, and saw 1 of its levels.

You collected 35 gold pieces.

Inventory:

Hand Weapons
 a - a +0 club (weapon)
Missiles
 e - 23 stones
Armour
 b - a +0 ring mail (worn)
Wands
 c - a wand of polymorph (19) (quivered)
Scrolls
 d - 2 scrolls of magic mapping {unknown}
 f - a scroll of identify {unknown}
Potions
 g - a potion of haste {unknown}


   Skills:
 + Level 2.4 Fighting
 - Level 1.7 Throwing
 - Level 1.7 Armour
 - Level 2.0 Spellcasting
 - Level 1.0 Transmutations
 - Level 3.0 Evocations


You had 5 spell levels left.
You didn't know any spells.
Your spell library contained the following spells:

 Spells                   Type           Power      Damage    Failure   Level
 Apportation              Tloc           2%         N/A       43%         1
 Sandblast                Erth           2%         2d4       43%         1
 Wereblood                Tmut           4%         N/A       43%         2
 Passwall                 Tmut/Erth      1%         N/A       50%         2
 Stone Arrow              Conj/Erth      2%         3d7       80%         3
 Alistair's Intoxication  Tmut/Pois      1%         N/A       100%        5


Dungeon Overview and Level Annotations

Branches:
Dungeon (1/15)

Altars:


Innate Abilities, Weirdness & Mutations

Spells you cast may paralyse adjacent enemies.


Message History

No target in view!
No target in view!
An endoplasm comes into view.
An endoplasm is nearby!
An endoplasm is nearby!
An endoplasm is nearby!
The endoplasm closely misses you.
You hit the endoplasm.
The endoplasm is lightly wounded.
The endoplasm freezes you.
You are frozen.
The endoplasm jiggles.
The endoplasm freezes you.
You are frozen.
You hit the endoplasm.
The endoplasm is moderately wounded.
The endoplasm freezes you.
You are frozen.
You hit the endoplasm but do no damage.
The endoplasm is moderately wounded.
The endoplasm freezes you.
You are frozen.
You hit the endoplasm but do no damage.
The endoplasm is moderately wounded.
The endoplasm freezes you.
You are frozen.
The endoplasm closely misses you.
You hit the endoplasm but do no damage.
The endoplasm is moderately wounded.
The endoplasm freezes you.
You are frozen.
You hit the endoplasm.
The endoplasm is heavily wounded.
The endoplasm jiggles.
The endoplasm freezes you.
You are frozen.
* * * LOW HITPOINT WARNING * * *
You barely miss the endoplasm.
The endoplasm is heavily wounded.
The endoplasm barely misses you. The endoplasm hits you.
You die...

........###.#.#
#####...##....# #
#...#.....#### #
#.##)........# ##
#.##......##.# .##
#.##.#.(.###.#
#.###.##.##.## #.#
...†..##.##.# #.#
#.###.##.##.# #@#
.## #.##.##.....J#
#####.##.######..#
†.....##.# #..#
#.######.# #..#
#.# #..# #.# ...#
... #.## #.#


You could see an endoplasm.

Vanquished Creatures
  3 ball pythons (D:1)
  2 endoplasms (D:1)
  A giant cockroach (D:1)
  4 goblins (D:1)
  3 hobgoblins (D:1)
  2 kobolds (D:1)
  A quokka (D:1)
  A frilled lizard (D:1)
  A rat (D:1)
18 creatures vanquished.

Notes
Turn   | Place    | Note
-------+----------+-------------------------------------------
     0 | D:1      | Deminshera the Demonspawn Wanderer began the quest for the
                  | Orb.
     0 | D:1      | Deminshera set off with the following items: a +0 club, a
                  | +0 ring mail, a wand of polymorph (19); and the following
                  | spells available to memorise: Wereblood, Passwall
     0 | D:1      | Reached XP level 1. HP: 13/13 MP: 3/3
    60 | D:1      | Reached skill level 1 in Fighting
   225 | D:1      | Gained mutation: Spells you cast may paralyse adjacent
                  | enemies. [demonic ancestry]
   225 | D:1      | Reached XP level 2. HP: 19/22 MP: 5/5
   905 | D:1      | Slain by an endoplasm

Illustrated notes

Levels and vault maps discovered:
D:1:      dpeg_arrival_tiny_i, layout_loops_ring, nrook_loot_triangle

Skill      XL: |  1  2 |
---------------+-------+-----
Fighting       | 1 2 |  2.4
Throwing       | |  1.7
Armour         | |  1.7
Spellcasting   | |  2.0
Transmutations | |  1.0
Evocations     | |  3.0

Action                   || total
-------------------------++-------
Melee: Club              ||    96
Armor: Ring mail         ||    42
Dodge: Dodged            ||    53

Table legend: (Time is in decaauts)
 A = Elapsed time spent in this place.
 B = Non-inter-level travel time spent in this place.
 C = Inter-level travel time spent in this place.
 D = Time resting spent in this place.
 E = Time spent auto-exploring this place.
 F = Levels seen in this place.
 G = Mean time per level.
                   A        B        C        D        E       F      G
               +--------+--------+--------+--------+--------+-----+--------+
         Total |    933 |    910 |     23 |      0 |    728 |   1 |  933.0 |
       Dungeon |    933 |    910 |     23 |      0 |    728 |   1 |  933.0 |
               +--------+--------+--------+--------+--------+-----+--------+

Top non-repeatable levels by time:
     D:1: 933 daAuts
